 Dungeon Crawl Stone Soup version 0.26-a0-1181-gd376ed14c5 (webtiles) character file.

Game seed: 5270502404577620441

25 sanka the Sneak (level 2, 0/13 HPs)
             Began as a Spriggan Enchanter on Dec 25, 2020.
             Slain by a jackal (3 damage)
             ... on level 2 of the Dungeon.
             The game lasted 00:01:44 (1669 turns).

sanka the Sneak (Spriggan Enchanter)                Turns: 1669, Time: 00:01:45

Health: 0/13       AC:  2    Str:  4    XL:     2   Next: 86%
Magic:  1/15       EV: 18    Int: 16    God:
Gold:   20         SH:  0    Dex: 16    Spells: 3/6 levels left

rFire    . . .     SeeInvis +   a - +1 dagger
rCold    . . .     Faith    .   (shield restricted)
rNeg     . . .     Spirit   .   b - +0 robe
rPois    .         Reflect  .   (helmet restricted)
rElec    .         Harm     .   (no cloak)
rCorr    .         Rampage  .   (gloves unavailable)
Will     .....                  (boots unavailable)
Stlth    +++.......             (no amulet)
HPRegen  0.04/turn              (no ring)
MPRegen  0.14/turn              f - ring of magical power

@: very quick
A: very small, unfitting armour, see invisible, speed 3
a: no special abilities


You were on level 2 of the Dungeon.
You visited 1 branch of the dungeon, and saw 2 of its levels.

You collected 20 gold pieces.


Innate Abilities, Weirdness & Mutations

You are very small and have problems with some larger weapons.
You are too small for most types of armour.
You have supernaturally acute eyesight. (SInv)
You cover ground extremely quickly.


   Skills:
 - Level 1.1 Short Blades
 - Level 3.0 Dodging
 + Level 6.3 Stealth
 - Level 2.6 Spellcasting
 - Level 3.6 Hexes


You had 3 spell levels left.
You knew the following spells:

 Your Spells              Type           Power        Failure   Level
z - Ensorcelled Hibernat  Hex/Ice        14%          14%         2
Z - Corona                Hex            14%          4%          1

Your spell library contained the following spells:

 Spells                   Type           Power        Failure   Level
 Confusing Touch          Hex            13%          13%         3
 Tukima's Dance           Hex            13%          13%         3
 Dazzling Flash           Conj/Hex       14%          28%         3

Inventory:

Hand Weapons
 a - a +1 dagger (weapon)
Armour
 b - a +0 robe (worn)
Jewellery
 f - a ring of magical power (right hand)
Scrolls
 d - a scroll of amnesia {unknown}
 e - 4 scrolls of identify {unknown}
 g - a scroll of teleportation {unknown}
 h - a scroll of remove curse {unknown}
 i - 2 scrolls of blinking {unknown}
Potions
 c - 2 potions of curing {unknown}

Dungeon Overview and Level Annotations

Branches:
Dungeon (2/15)

Altars:

▒.▒ ▒.▒ ▒.▒
▒.▒ ▒.▒ ▒.▒
▒▒▒ ▒.▒
.....▒▒▒▒▒.▒
......hi...▒
......▒▒▒▒▒▒
▒▒▒▒▒


You could see a jackal.


Message History

You don't have enough magic to cast that spell.
You hit the jackal but do no damage. The jackal misses you.
You closely miss the jackal. The jackal closely misses you.
The jackal barely misses you.
You hit the jackal.
The jackal is lightly wounded.
The jackal misses you.
You hit the jackal but do no damage.
The jackal is lightly wounded.
The jackal barely misses you.
You hit the jackal but do no damage. The jackal bites you.
* * * LOW HITPOINT WARNING * * *
The jackal barely misses you.
You hit the jackal.
The jackal is heavily wounded.
The jackal bites you.
* * * LOW HITPOINT WARNING * * *
You hit the jackal but do no damage.
The jackal is heavily wounded.
The jackal bites you.
* * * LOW HITPOINT WARNING * * *
You hit the jackal but do no damage.
The jackal is heavily wounded.
The jackal stops to sniff the ground.
The jackal misses you. The jackal bites you.
You die...

Action                   || total
-------------------------++-------
Melee: Dagger            ||    56
 Cast: Ensorcelled Hiber ||    19
 Stab: Sleeping          ||    14
Armor: Robe              ||     4
Dodge: Dodged            ||    47

Levels and vault maps discovered:
D:1:      zelgadis_glass_arrival_small, layout_basic
D:2:      layout_basic

Notes
Turn   | Place    | Note
-------+----------+-------------------------------------------
     0 | D:1      | sanka the Spriggan Enchanter began the quest for the Orb.
     0 | D:1      | Reached XP level 1. HP: 9/9 MP: 5/5
   259 | D:1      | Reached skill level 5 in Stealth
   333 | D:1      | Reached XP level 2. HP: 7/13 MP: 6/6
   390 | D:1      | Learned a level 2 spell: Ensorcelled Hibernation
  1437 | D:2      | Reached skill level 6 in Stealth
  1669 | D:2      | Slain by a jackal

Vanquished Creatures
  An ooze (D:2)
  A dart slug (D:1)
  A leopard gecko (D:1)
  A giant cockroach (D:1)
  3 goblins
  A hobgoblin (D:1)
  2 jackals (D:2)
  4 bats
  A frilled lizard (D:1)
  A kobold (D:1)
  2 rats (D:1)
18 creatures vanquished.
